 Dungeon Crawl Stone Soup version 0.23-a0-296-ga3b1b28 (webtiles) character file.

26179 tsouns the Unseen (level 13, 0/101 HPs)
             Began as an Octopode Wanderer on Oct 5, 2018.
             Was an Initiate of Gozag.
             Slain by a harpy (17 damage)
             ... summoned by Kirke
             ... on level 5 of the Lair of Beasts.
             The game lasted 00:48:39 (15812 turns).

tsouns the Unseen (Octopode Wanderer)              Turns: 15812, Time: 00:48:39

Health: 0/101      AC:  0    Str: 15    XL:     13   Next: 24%
Magic:  20/20      EV: 21    Int: 18    God:    Gozag
Gold:   2120       SH:  5    Dex: 13    Spells: 15/21 levels left

rFire    . . .     SeeInvis .   (weapon currently unavailable)
rCold    . . .     Gourm    .   (shield currently unavailable)
rNeg     . . .     Faith    .   (helmet currently unavailable)
rPois    .         Spirit   .   c - +5 amulet of reflection
rElec    .         Reflect  +   (ring currently unavailable)
rCorr    .         Harm     .   (ring currently unavailable)
MR       .....                  (ring currently unavailable)
Stlth    ++++++....             (ring currently unavailable)
HPRegen  0.66/turn              (ring currently unavailable)
MPRegen  0.17/turn              (ring currently unavailable)
                                (ring currently unavailable)
                                (ring currently unavailable)

@: pig-form, very quick
A: small, almost no armour, stealthy swim, (amphibious), (8 rings), (constrict
8), agile 1, clever 1, regeneration 1, robust 1
a: Potion Petition, Call Merchant, Bribe Branch, Renounce Religion


You were on level 5 of the Lair of Beasts.
You worshipped Gozag.
Gozag was most pleased with you.
You were not hungry.
You were a filthy swine.
You visited 3 branches of the dungeon, and saw 15 of its levels.
You also visited: Ossuary.

You collected 2561 gold pieces.
You spent 312 gold pieces at shops.
You paid 129 gold pieces to Gozag.

Inventory:

Hand Weapons
 a - a +2 shortbow of freezing
 d - a +0 quarterstaff
 j - a +1 short sword of venom (melded)
 E - a +0 falchion of pain
 K - a +4 glaive of venom
Missiles
 b - 280 arrows
 g - a throwing net
 h - 8 tomahawks
 k - 481 stones (quivered)
 t - 138 sling bullets
 H - 2 javelins
 J - 6 javelins of penetration
Jewellery
 c - a +5 amulet of reflection (around neck)
 l - an uncursed ring of fire
 m - a ring of protection from cold (melded)
 r - a +1 ring of protection (melded)
 u - a ring of flight (melded)
 I - a ring of poison resistance (melded)
Wands
 y - a wand of paralysis (6)
 L - a wand of iceblast (12)
Scrolls
 e - 8 scrolls of enchant armour
 o - 3 scrolls of remove curse
 s - 5 scrolls of magic mapping
 v - 7 scrolls of teleportation
 z - 2 scrolls of amnesia
 A - 4 scrolls of identify
 B - 5 scrolls of enchant weapon
Potions
 i - 2 potions of flight
 n - 4 potions of brilliance
 p - 3 potions of mutation
 w - 6 potions of curing
 x - 2 potions of haste
 C - 2 potions of agility
 F - 2 potions of cancellation
 G - a potion of berserk rage
Miscellaneous
 D - a fan of gales
Comestibles
 f - 13 rations


   Skills:
 - Level 10.0 Fighting
 - Level 8.3 Short Blades
 - Level 1.0 Staves
 - Level 4.3 Bows
 - Level 1.0 Throwing
 + Level 10.6 Dodging
 + Level 15.7 Stealth
 + Level 4.9 Spellcasting
 + Level 5.3 Air Magic
 - Level 4.1 Evocations


You had 15 spell levels left.
You knew the following spells:

 Your Spells              Type           Power        Failure   Level  Hunger
a - Airstrike             Air            ###.......   14%         4    ####...
b - Swiftness             Chrm/Air       ##......     7%          2    #......

Your spell library contained the following spells:

 Spells                   Type           Power        Failure   Level  Hunger
 Shock                    Conj/Air       ##..         4%          1    None
 Static Discharge         Conj/Air       ##......     14%         3    ###....
 Lightning Bolt           Conj/Air       ##........   77%         5    ######.


Dungeon Overview and Level Annotations

Branches:
Dungeon (9/15)             Temple (1/1) D:6            Lair (5/6) D:9
  Swamp (0/4) Lair:3        Snake (0/4) Lair:4
  Slime: Lair:5-6       Orc: D:9-12

Altars:
Ashenzari
Cheibriados
Dithmenos
Elyvilon
Fedhas
Gozag
Hepliaklqana
Kikubaaqudgha
Makhleb
Nemelex Xobeh
Okawaru
Qazlal
Ru
Sif Muna
Trog
Uskayaw
Vehumet
Wu Jian
Xom
Yredelemnul
Zin
The Shining One

Shops:
D:5 *=   D:7 !   D:9 }

Annotations:
Lair:2 1 runed door, George's ghost, journeyman MiFi
Lair:3 exclusion: 4 oklob plants
Lair:5 Kirke


Innate Abilities, Weirdness & Mutations

You cannot wear most types of armour.
You are very stealthy in the water. (Stealth+)
((You are amphibious.))
((You can wear up to eight rings at the same time.))
((You can use your tentacles to constrict eight enemies at once.))
((Your skin changes colour to match your surroundings (Stealth+).))
((Your rubbery body absorbs attacks. (AC +1, EV +1)))
((You are partially covered in icy blue scales. (AC +2)))
You are agile. (Dex +2)
Your mind is acute. (Int +2)
Your natural rate of healing is unusually fast.
You are robust. (+10% HP)


Message History

Your +1 ring of protection melds into your body.
Your ring of poison resistance melds into your body.
Your +1 short sword of venom stops dripping with poison.
You lose your grip on Kirke.
The harpy claws you. The harpy misses you. The harpy claws you.
The harpy barely misses you.
The harpy screeches!
You hear an angry squeal.
The harpy claws you!
* * * LOW HITPOINT WARNING * * *
The harpy closely misses you. The harpy claws you!
* * * LOW HITPOINT WARNING * * *
The harpy misses you. The harpy claws you!
* * * LOW HITPOINT WARNING * * *
The harpy misses you.
Unknown command.
Okay, then.
You feel much better. The harpy claws you!
You die...
Your body crumbles into a pile of gold.

#...#............#.#.P#P..
##...##..##.#....#........
#.....<.............###..
#................##..###..
#.(.#.P.....#....######...
##....#..P......######....
#................#.##.##.#
#...................###..
##.......h..........##....
#.......HH.........#......
#......................#..
#.......@.................
##....#.###........+..#...
#..#..## .###...P##......
#.. ##..# . #........##..
## ##....P##...'.#.....#
......#..... ##....


You could see Kirke and 2 harpies.

Vanquished Creatures
  Harold (D:7)
  2 hydras (Lair:4)
  A two-headed ogre (D:9)
  8 death yaks
  Urug (Lair:4)
  Nergalle (Lair:4)
  4 elephants (Lair:5)
  2 black mambas (Lair:4)
  Joseph (D:8)
  4 spiny frogs
  3 rime drakes
  A komodo dragon (Lair:3)
  A troll (D:9)
  4 blink frogs (Lair:3)
  3 hippogriffs
  Sigmund (D:3)
  15 yaks
  2 wraiths (Ossuary)
  A basilisk (Lair:4)
  Grum (D:8)
  3 steam dragons (D:9)
  5 water moccasins
  5 porcupines
  4 orc warriors
  2 phantoms
  A sky beast (D:6)
  An ice beast (D:8)
  10 ogres
  2 black bears (D:8)
  A necrophage (D:7)
  11 wolves
  3 centaurs
  9 crocodiles
  A big kobold (D:8)
  11 bullfrogs
  A water moccasin zombie (D:9)
  7 scorpions
  3 wights (Ossuary)
  6 killer bees (D:8)
  4 howler monkeys
  An electric eel (D:6)
  5 crimson imps
  A jelly (D:5)
  2 centaur zombies
  A bullfrog zombie (D:5)
  4 orc priests
  5 hounds
  10 orc wizards
  3 bullfrog skeletons (D:4)
  Crazy Yiuf (D:2)
  Jessica (D:3)
  5 iguanas
  9 worker ants
  A killer bee zombie (D:7)
  A hound skeleton (D:6)
  Robin (D:3)
  11 gnolls
  A howler monkey skeleton (D:5)
  12 adders
  A shadow imp (D:5)
  2 worms (D:3)
  2 dart slugs
  2 leopard geckos
  29 orcs
  4 ball pythons
  7 giant cockroaches
  12 goblins
  14 hobgoblins
  12 jackals
  6 quokkas
  2 ball python skeletons
  10 bats
  3 frilled lizards
  A giant cockroach zombie (D:5)
  2 gnoll zombies (D:5)
  2 hobgoblin skeletons (Ossuary)
  3 hobgoblin zombies (Ossuary)
  12 kobolds
  A kobold zombie (Ossuary)
  A leopard gecko zombie (D:5)
  An orc skeleton (Ossuary)
  7 rats
358 creatures vanquished.

Vanquished Creatures (others)
  5 dream sheep (D:5)
  A swamp drake (Lair:3)
  An iguana (Lair:3)
  7 fungi
  5 plants
19 creatures vanquished.

Grand Total: 377 creatures vanquished

Notes
Turn   | Place    | Note
-------+----------+-------------------------------------------
     0 | D:1      | tsouns the Octopode Wanderer began the quest for the Orb.
     0 | D:1      | tsouns set off with: a +2 shortbow, 30 arrows, a potion of
                  | lignification, a +0 quarterstaff, a ration
     0 | D:1      | Reached XP level 1. HP: 14/14 MP: 1/1
   116 | D:1      | Reached XP level 2. HP: 16/20 MP: 2/2
   511 | D:1      | Reached XP level 3. HP: 25/25 MP: 3/3
   628 | D:1      | Reached skill level 2 in Stealth
   996 | D:2      | Reached skill level 1 in Dodging
  1289 | D:2      | Found a radiant altar of Vehumet.
  1437 | D:2      | Reached skill level 3 in Stealth
  1470 | D:2      | Found a runed door.
  1474 | D:2      | Noticed Crazy Yiuf
  1479 | D:2      | Killed Crazy Yiuf
  1479 | D:2      | Reached XP level 4. HP: 31/31 MP: 4/4
  1626 | D:3      | Noticed Sigmund
  1705 | D:3      | Reached skill level 4 in Stealth
  1705 | D:3      | Reached XP level 5. HP: 23/36 MP: 5/5
  2357 | D:3      | Noticed Robin
  2383 | D:3      | Gained mutation: Your natural rate of healing is unusually
                  | fast. [potion of mutation]
  2383 | D:3      | Gained mutation: You occasionally shout uncontrollably at
                  | your foes. [potion of mutation]
  2383 | D:3      | Gained mutation: You possess an exceptional clarity of
                  | mind. [potion of mutation]
  2383 | D:3      | Killed Robin
  2383 | D:3      | Reached skill level 5 in Stealth
  2406 | D:3      | Reached XP level 6. HP: 19/42 MP: 6/6
  2751 | D:3      | Killed Sigmund
  2751 | D:3      | Reached skill level 1 in Short Blades
  2751 | D:3      | Reached skill level 6 in Stealth
  2751 | D:3      | Reached XP level 7. HP: 8/48 MP: 7/7
  3012 | D:3      | Noticed Jessica
  3018 | D:3      | Killed Jessica
  3233 | D:3      | Reached skill level 7 in Stealth
  4173 | D:5      | Entered Level 5 of the Dungeon
  4204 | D:5      | Reached skill level 8 in Stealth
  4204 | D:5      | Reached XP level 8. HP: 54/54 MP: 8/8
  4333 | D:5      | Found a hide-covered altar of Uskayaw.
  4345 | D:5      | Found a deep blue altar of Sif Muna.
  4403 | D:5      | Found Uduxuint's General Store.
  4424 | D:5      | Bought a scroll of identify for 28 gold pieces
  4424 | D:5      | Bought a scroll of identify for 28 gold pieces
  4463 | D:5      | Found a basalt altar of Yredelemnul.
  4539 | D:5      | Found Jifathok's Jewellery Emporium.
  4556 | D:5      | Bought a cursed ring of teleportation for 58 gold pieces
  4566 | D:5      | Found an ornate altar of the Wu Jian Council.
  4708 | D:5      | Found a shattered altar of Ashenzari.
  4898 | D:5      | Reached skill level 5 in Fighting
  4916 | D:5      | Reached skill level 9 in Stealth
  5044 | D:5      | Found a shimmering altar of Xom.
  5044 | D:5      | Noticed a dream sheep
  5044 | D:5      | Noticed a dream sheep
  5044 | D:5      | Noticed a dream sheep
  5044 | D:5      | Noticed a dream sheep
  5044 | D:5      | Noticed a dream sheep
  5048 | D:5      | Killed a dream sheep
  5049 | D:5      | Killed a dream sheep
  5049 | D:5      | Killed a dream sheep
  5050 | D:5      | Killed a dream sheep
  5050 | D:5      | Killed a dream sheep
  5172 | D:6      | Found a staircase to the Ecumenical Temple.
  5454 | D:6      | Reached skill level 10 in Stealth
  5610 | D:6      | Reached XP level 9. HP: 36/61 MP: 9/9
  5851 | D:6      | Reached skill level 5 in Dodging
  6312 | Temple   | Entered the Ecumenical Temple
  6333 | Temple   | Became a worshipper of Gozag Ym Sagoz the Greedy
  6395 | D:7      | Noticed Harold
  6419 | D:7      | Killed Harold
  6419 | D:7      | Reached skill level 5 in Short Blades
  6419 | D:7      | Reached skill level 11 in Stealth
  6493 | D:7      | Found a sacrificial altar of Ru.
  6740 | D:7      | Found Filopiybb's Distillery.
  6747 | D:7      | Bought a potion of heal wounds for 55 gold pieces
  6747 | D:7      | Bought 2 potions of heal wounds for 110 gold pieces
  6747 | D:7      | Bought a potion of curing for 33 gold pieces
  6837 | D:7      | Reached XP level 10. HP: 64/69 MP: 10/10
  7347 | D:8      | Found a sand-covered staircase.
  7356 | Ossuary  | Entered an ossuary
  7783 | D:8      | Found a bloodstained altar of Trog.
  7798 | D:8      | Reached skill level 12 in Stealth
  7839 | D:8      | Noticed Joseph
  7849 | D:8      | Killed Joseph
  7957 | D:8      | Found a hazy altar of Hepliaklqana.
  8640 | D:8      | Noticed Grum
  8655 | D:8      | Killed Grum
  9046 | D:9      | Noticed a two-headed ogre
  9222 | D:9      | Reached XP level 11. HP: 40/78 MP: 11/11
  9345 | D:9      | Reached skill level 13 in Stealth
  9791 | D:9      | Found an iron altar of Okawaru.
  9885 | D:9      | Found a staircase to the Lair.
  9938 | D:9      | Killed a two-headed ogre
 10052 | D:9      | Found Zerim's Gadget Shop.
 10242 | Lair:1   | Entered Level 1 of the Lair of Beasts
 10628 | Lair:1   | Noticed a six-headed hydra
 10930 | Lair:2   | Lost mutation: You occasionally shout uncontrollably at
                  | your foes. [potion of mutation]
 10930 | Lair:2   | Lost mutation: You possess an exceptional clarity of mind.
                  | [potion of mutation]
 10930 | Lair:2   | Gained mutation: You are partially covered in icy blue
                  | scales. (AC +2) [potion of mutation]
 10930 | Lair:2   | Gained mutation: You are agile. (Dex +2) [potion of
                  | mutation]
 10930 | Lair:2   | Gained mutation: Your mind is acute. (Int +2) [potion of
                  | mutation]
 10930 | Lair:2   | Gained mutation: You are robust. (+10% HP) [potion of
                  | mutation]
 11313 | Lair:2   | Found a dark tunnel.
 11398 | Lair:2   | Found a runed door.
 11425 | Lair:2   | Found a shimmering altar of Xom.
 11425 | Lair:2   | Noticed George's ghost (journeyman MiFi)
 11426 | Lair:2   | Noticed a battleaxe of chaos
 11737 | Lair:3   | Found a staircase to the Swamp.
 11836 | Lair:3   | Noticed a death yak
 11836 | Lair:3   | Noticed an oklob plant
 11837 | Lair:3   | Noticed an oklob plant
 11837 | Lair:3   | Noticed an oklob plant
 12293 | Lair:3   | Reached skill level 14 in Stealth
 12620 | Lair:3   | Reached XP level 12. HP: 53/94 MP: 14/14
 13031 | Lair:4   | Found a staircase to the Snake Pit.
 13099 | Lair:4   | Learned a level 4 spell: Airstrike
 13144 | Lair:4   | Noticed an eight-headed hydra
 13152 | Lair:4   | Killed an eight-headed hydra
 13152 | Lair:4   | Reached skill level 1 in Air Magic
 13263 | Lair:4   | Noticed Nergalle
 13267 | Lair:4   | Reached skill level 1 in Spellcasting
 13281 | Lair:4   | Killed Nergalle
 13413 | Lair:4   | Noticed a death yak
 13414 | Lair:4   | Noticed a death yak
 13414 | Lair:4   | Noticed a death yak
 13414 | Lair:4   | Noticed a death yak
 13414 | Lair:4   | Noticed a death yak
 13455 | Lair:4   | Killed a death yak
 13516 | Lair:4   | Killed a death yak
 13516 | Lair:4   | Reached skill level 10 in Fighting
 13677 | Lair:4   | Killed a death yak
 13786 | Lair:3   | Killed a death yak
 13962 | Lair:3   | Killed a death yak
 14077 | Lair:3   | Killed a death yak
 14336 | Lair:4   | Reached skill level 10 in Dodging
 14336 | Lair:4   | Reached skill level 15 in Stealth
 14340 | Lair:4   | Noticed an eight-headed hydra
 14349 | Lair:4   | Killed an eight-headed hydra
 14465 | Lair:4   | Noticed a death yak
 14465 | Lair:4   | Noticed a death yak
 14466 | Lair:4   | Noticed a death yak
 14467 | Lair:4   | Noticed a death yak
 14468 | Lair:4   | Noticed a death yak
 14766 | Lair:3   | Killed a death yak
 14957 | Lair:3   | Killed a death yak
 14957 | Lair:3   | Reached XP level 13. HP: 69/101 MP: 19/19
 15078 | Lair:4   | Noticed Urug
 15085 | Lair:4   | Killed Urug
 15304 | Lair:5   | Reached skill level 5 in Air Magic
 15479 | Lair:5   | Learned a level 2 spell: Swiftness
 15797 | Lair:5   | Noticed Kirke
 15811 | Lair:5   | HP: 1/101 [harpy[Kirke] (10)]
 15812 | Lair:5   | Slain by a harpy

Vault maps used:
D:1:      minmay_arrival_open_corners, serial_glass, glass_columns_c,
          glass_columns_a, glass_columns_b, glass_columns_b, glass_columns_a,
          glass_columns_a, glass_columns_a, glass_columns_b, glass_columns_a,
          glass_columns_a, feat_on_display
D:2:      vehumet_crystals, st_stairs_12, uniq_crazy_yiuf_cottage
D:3:      first_ration, uniq_sigmund, uniq_robin, uniq_jessica
D:4:      roderic_serpentine_path
D:5:      cheibrodos_barr_body, kennysheep_mini_moat,
          lemuel_zombie_altar_yredelemnul, evilmike_ruin_ashenzari,
          amethyst_overflow_temple_binary, serial_shops, nicolae_shop_trees,
          nicolae_shop_window_shopping, minmay_misc_feat_pillars,
          kb_xom_exploding_sheep
D:6:      minmay_temple_entry_from_below_a, minmay_crystal_water,
          nrook_loot_triangle
D:7:      nicolae_overflow_hidden_temple, serial_shops, kennysheep_little_box,
          kennysheep_pointless_box, serial_bayou_crossing, uniq_harold
D:8:      kennysheep_mini, trog_ov_bears_minmay, chequers_ossuary_entry_cave,
          uniq_joseph, uniq_grum
D:9:      cheibrodos_steamvent, marbit_many_paths, lair_entry_dummy,
          serial_shops, shop_fountains
Temple:   minmay_temple_bridge_abc
Lair:1:   st_stairs_3, serial_bayou_pond_e
Lair:2:   ebering_ghost_xom, nicolae_volcano_entry_s_turn
Lair:3:   minmay_swamp_entry_reptiles, minmay_lair_oklob_chamber
Lair:4:   beast_lair_carwin_large_2, serial_bayou_pond_d, ldierk_geyser,
          uniq_nergalle, uniq_urug
Lair:5:   slime_altar_1, gammafunk_ghost_hydra_chop, grunt_megastairs_2,
          uniq_kirke
Ossuary:  ossuary_due_cavern

Skill      XL: |  1  2  3  4  5  6  7  8  9 10 11 12 13 |
---------------+----------------------------------------+-----
Stealth        | 3 4 5 6 8 10 11 12 14 15 | 15.7
Dodging        | 1 2 3 4 6 7 9 10 | 10.6
Fighting       | 3 4 5 6 8 9 10 | 10.0
Short Blades   | 1 2 3 5 7 8 |  8.3
Evocations     | 3 4 |  4.1
Air Magic      | 4 5 |  5.3
Spellcasting   | 4 |  4.9
Staves         | |  1.0
Bows           | |  4.3
Throwing       | |  1.0

Action                   |  1- 3 |  4- 6 |  7- 9 | 10-12 | 13-15 || total
-------------------------+-------+-------+-------+-------+-------++-------
Melee: Quarterstaff      |     9 |       |       |       |       ||     9
       Constrict         |    21 |    26 |    53 |    69 |     2 ||   171
       Tentacles         |     6 |    12 |    57 |   166 |    25 ||   266
       Short sword       |    64 |   119 |   256 |   755 |    94 ||  1288
 Fire: Shortbow          |     3 |    11 |    40 |     8 |       ||    62
Throw: Stone             |       |       |       |    12 |       ||    12
 Cast: Airstrike         |       |       |       |       |     3 ||     3
Evoke: Wand              |       |       |     3 |    19 |     1 ||    23
       Fan of gales      |       |       |       |     1 |       ||     1
  Use: Scroll            |       |     8 |     9 |    11 |     2 ||    30
       Potion            |       |     2 |     2 |     3 |     1 ||     8
 Stab: Sleeping          |     8 |     6 |    22 |    34 |     4 ||    74
       Paralysed         |       |       |     2 |     8 |     1 ||    11
       Distracted        |       |       |     1 |    10 |       ||    11
       Confused          |       |       |       |     1 |       ||     1
  Eat: Chunk             |     2 |     4 |    12 |       |       ||    18
       Ration            |       |       |     1 |     7 |     1 ||     9
Armor: Skin              |    10 |    35 |     9 |    21 |     5 ||    80
Dodge: Dodged            |    42 |    50 |   109 |   354 |    59 ||   614
Block: Other             |       |       |    26 |    98 |     9 ||   133

Table legend:
 A = Non-vault XP
 B = Vault XP
 C = Vault XP percentage of total XP
 D = Non-vault monster count
 E = Vault monster count
 F = Vault count percentage of total count
                 A         B        C        D         E       F
            +---------+---------+-------+---------+---------+-------
      Total |   28569 |    8830 |  23.6 |     294 |      65 |  18.1
            +---------+---------+-------+---------+---------+-------
        D:1 |      42 |       0 |   0.0 |      24 |       0 |   0.0
        D:2 |      37 |      39 |  51.3 |      14 |       2 |  12.5
        D:3 |     422 |     305 |  42.0 |      48 |      15 |  23.8
        D:4 |     205 |       0 |   0.0 |      12 |       0 |   0.0
        D:5 |     458 |     288 |  38.6 |      19 |       9 |  32.1
        D:6 |    1157 |       0 |   0.0 |      37 |       0 |   0.0
        D:7 |    1362 |    1018 |  42.8 |      21 |       1 |   4.5
        D:8 |    1140 |    1202 |  51.3 |      22 |       7 |  24.1
        D:9 |    4084 |     387 |   8.7 |      32 |       2 |   5.9
     Lair:1 |     500 |     153 |  23.4 |       4 |       1 |  20.0
     Lair:2 |    1690 |       0 |   0.0 |      11 |       0 |   0.0
     Lair:3 |    7168 |    1326 |  15.6 |      25 |       6 |  19.4
     Lair:4 |    7315 |    2854 |  28.1 |      15 |       6 |  28.6
     Lair:5 |    2989 |     631 |  17.4 |      10 |       2 |  16.7
    Ossuary |       0 |     627 | 100.0 |       0 |      14 | 100.0
            +---------+---------+-------+---------+---------+-------
